[Event "*** Titled Tuesday Blitz"]
[Site "Chess.com"]
[Date "2019.06.04"]
[Round "7"]
[White "GHANDEEVAM2003"]
[Black "rasmussvane"]
[Result "0-1"]
[WhiteElo "2931"]
[BlackElo "2896"]
[TimeControl "180+2"]
[EndTime "14:32:42 PDT"]
[Termination "rasmussvane won by resignation"]

1. Nf3 d5 2. c4 c6 3. e3 Nf6 4. Nc3 a6 5. b3 Bf5 6. Bb2 h6 7.
Be2 e6 8. O-O Bd6 9. a3 O-O 10.
b4 Nbd7 11. d4 dxc4 12. Bxc4 e5 13. dxe5 Nxe5 14. Be2 Qc7 15. h3 Rad8 16. Qb3 Qc8 17. Rfd1 Bxh3 18. Rxd6 Nxf3+ 19. Bxf3 Rxd6 20. gxh3 Qxh3 21. Bg2 Qh4 22. Ne2 Ng4 23. Ng3 Rd2 24. Ne4 Rxf2 25.
Nxf2 Qxf2+ 26. Kh1 Qg3 27. Kg1 Nxe3 0-1

[Event "*** Titled Tuesday Blitz"]
[Site "Chess.com"]
[Date "2019.06.04"]
[Round "7"]
[White "Zq1"]
[Black "Barcelona_Guy"]
[Result "1-0"]
[WhiteElo "2539"]
[BlackElo "2674"]
[TimeControl "180+2"]
[EndTime "14:32:59 PDT"]
[Termination "Zq1 won by resignation"]

1. d4 Nf6 2. c4 e6 3. Nc3 d5 4.
Bg5 Be7 5. e3 Nbd7 6. Rc1 h6 7.
Bh4 O-O 8. cxd5 exd5 9. Bd3 c6 10. Nge2 Re8 11. O-O Ne4 12. Bxe7 Qxe7 13. Nxe4 dxe4 14.
Bc4 Nf6 15. a3 h5 16. h3 h4 17. Nf4 Bf5 18. Ba2 Rad8 19. b4 g5 20. Nh5 Bg6 21. Nxf6+ Qxf6 22. Rc5 b6 23. Rc3 Kg7 24. Qc2 Rd6 25.
Rc1 g4 26. hxg4 h3 27. Rxc6 hxg2 28. Rxd6 Qh4 29. Kxg2 Rh8 30. Rxg6+ fxg6 31. Qc7+ Kh6 1-0

[Event "*** Titled Tuesday Blitz"]
[Site "Chess.com"]
[Date "2019.06.04"]
[Round "7"]
[White "Indianlad"]
[Black "pultineviciuspaulius"]
[Result "1-0"]
[WhiteElo "2871"]
[BlackElo "2720"]
[TimeControl "180+2"]
[EndTime "14:33:04 PDT"]
[Termination "Indianlad won by resignation"]

1. e4 c6 2. d4 d5 3. e5 Bf5 4. Nf3 e6 5. Be2 Ne7 6. O-O Ng6 7. Be3 Nd7 8. Ne1 h5 9. Bd3 Bxd3 10. Nxd3 Nh4 11. f4 Nf5 12. Bf2 h4 13. Nd2 Be7 14. a4 a5 15. c3 g5 16. fxg5 Bxg5 17. Nf3 Bh6 18. Qe1 h3 19. g3 Qc7 20. Kh1 Rg8 21.
Qe2 b6 22. b4 Ke7 23. Rg1 Bf8 24. g4 Nh6 25. Nh4 Ke8 26. g5 Nf5 27. Nxf5 exf5 28. e6 Nb8 29. exf7+ Kxf7 30. Qh5+ Kg7 31. Bg3 Bd6 32.
Qh6+ 1-0

[Event "*** Titled Tuesday Blitz"]
[Site "Chess.com"]
[Date "2019.06.04"]
[Round "7"]
[White "TristanCalistri"]
[Black "SamCopeland"]
[Result "0-1"]
[WhiteElo "2257"]
[BlackElo "2122"]
[TimeControl "180+2"]
[EndTime "14:33:07 PDT"]
[Termination "SamCopeland won on time"]

1. e4 Nf6 2. e5 Nd5 3. Nc3 Nxc3 4. bxc3 d6 5. f4 g6 6. d4 Bg7 7. Bd3 O-O 8. Nf3 c5 9. O-O Bg4 10. Qe1 Bxf3 11. Rxf3 cxd4 12. cxd4 dxe5 13. dxe5 Nc6 14. Rb1 Qd7 15. Kh1 Rac8 16. Rf1 Rfd8 17. Qf2 b6 18. Ba3 e6 0-1

[Event "*** Titled Tuesday Blitz"]
[Site "Chess.com"]
[Date "2019.06.04"]
[Round "7"]
[White "lexiel"]
[Black "ZenBull"]
[Result "1-0"]
[WhiteElo "2213"]
[BlackElo "2090"]
[TimeControl "180+2"]
[EndTime "14:33:08 PDT"]
[Termination "lexiel won by resignation"]

1. c4 Nf6 2. Nf3 e6 3. g3 d5 4. Bg2 Be7 5. O-O O-O 6. d4 dxc4 7. Ne5 c5 8. dxc5 Qxd1 9. Rxd1 Nbd7 10. Nxc4 Nxc5 11.
Nc3 Bd7 12. Nd6 Bxd6 13. Rxd6 Rac8 14. Be3 b6 15. Rad1 Ba4 16. R1d4 Be8 17. h3 h6 18.
g4 Ncd7 19. g5 hxg5 20. Bxg5 Nb8 21. Bxf6 gxf6 22. Rg4+ Kh7 23. Ne4 f5 24. Nf6+ Kh6 25.
Rg3 Bc6 26. Rd4 Be4 27. Bxe4 f4 28. Rg4 e5 29. Rd6 1-0

[Event "*** Titled Tuesday Blitz"]
[Site "Chess.com"]
[Date "2019.06.04"]
[Round "7"]
[White "PotapovaM"]
[Black "albi1999"]
[Result "1-0"]
[WhiteElo "2516"]
[BlackElo "2442"]
[TimeControl "180+2"]
[EndTime "14:33:14 PDT"]
[Termination "PotapovaM won by resignation"]

1. d4 d5 2. c4 e6 3. Nc3 Nf6 4. Nf3 Bb4 5. Qa4+ Nc6 6. e3 O-O 7. Qc2 Re8 8. Bd2 a6 9. a3 Bf8 10. Rd1 h6 11. Be2 dxc4 12. Bxc4 e5 13. dxe5 Nxe5 14.
Nxe5 Rxe5 15. O-O b5 16. Ba2 Bb7 17. f3 Bc5 18. Kh1 Nh5 19. Qg6 Bd5 20. Bxd5 Rxd5 21. Qc6 Rxd2 22. Rxd2 Qxd2 23. Qxa8+ Kh7 24. Qe4+ g6 25.
Qd5 Qxe3 26. Qxf7+ Ng7 27. Nd5 Qe6 28. Nf6+ Kh8 29.
Qxg6 Qf5 30. Qf7 Qe6 31. Qg6 Qf5 32. Qxh6+ 1-0

[Event "*** Titled Tuesday Blitz"]
[Site "Chess.com"]
[Date "2019.06.04"]
[Round "7"]
[White "LarissaSteenbekkers"]
[Black "yuki_chess123"]
[Result "0-1"]
[WhiteElo "1967"]
[BlackElo "2172"]
[TimeControl "180+2"]
[EndTime "14:33:14 PDT"]
[Termination "yuki_chess123 won by resignation"]

1. e4 g6 2. d4 Bg7 3. Nc3 c6 4. f4 d5 5. e5 Nh6 6. Nf3 f6 7.
Bd3 Bg4 8. h3 Bxf3 9. Qxf3 O-O 10. Qe2 fxe5 11. dxe5 e6 12. Bd2 Qh4+ 13. Qf2 Qxf2+ 14.
Kxf2 Bxe5 15. g3 Bg7 16. Kg2 Nd7 17. Rae1 Rae8 18. Re2 e5 19. fxe5 Rxe5 20. Rhe1 Nf7 21. Bf4 Rxe2+ 22. Rxe2 Nfe5 23. Na4 Nxd3 24. cxd3 b5 25.
Nc3 Kf7 26. Bd6 Re8 27. Rf2+ Kg8 28. Nd1 Be5 29. Re2 Kf7 30. Ba3 Bd4 31. b3 Rxe2+ 0-1

[Event "*** Titled Tuesday Blitz"]
[Site "Chess.com"]
[Date "2019.06.04"]
[Round "7"]
[White "oogee"]
[Black "26andrej26"]
[Result "0-1"]
[WhiteElo "2325"]
[BlackElo "2500"]
[TimeControl "180+2"]
[EndTime "14:33:16 PDT"]
[Termination "26andrej26 won by resignation"]

1. d4 Nf6 2. c4 g6 3. Nc3 Bg7 4. e4 d6 5. Nf3 O-O 6. Be2 e5 7.
O-O Nc6 8. d5 Ne7 9. Ne1 Nd7 10.
Be3 f5 11. f3 f4 12. Bf2 g5 13. a4 a6 14. a5 Rf6 15. Nd3 Rh6 16. Be1 Qe8 17.
Nf2 Qh5 18. h3 Ng6 19. Ng4 Nf6 20. Nxh6+ Qxh6 21. Rf2 Nh4 22. Bf1 Bd7 23. c5 Kh8 24. Qb3 Rg8 25. Qxb7 g4 26. fxg4 Bxg4 27. hxg4 Nxg4 28.
Ra3 Ng6 29. g3 fxg3 30. Rc2 Qe3+ 31. Kg2 Nf4+ 32. Kh1 Qxe1 33. Qxa6 g2+ 34. Rxg2 Nxg2 35. Kxg2 Qf2+ 36. Kh3 0-1

[Event "*** Titled Tuesday Blitz"]
[Site "Chess.com"]
[Date "2019.06.04"]
[Round "7"]
[White "CzechmVIII"]
[Black "ethylalcohol"]
[Result "1-0"]
[WhiteElo "2089"]
[BlackElo "2025"]
[TimeControl "180+2"]
[EndTime "14:33:23 PDT"]
[Termination "CzechmVIII won by checkmate"]

1. e4 e6 2. d4 d5 3. Nc3 Nf6 4. Bg5 dxe4 5. Nxe4 Nbd7 6. Nf3 h6 7. Nxf6+ Nxf6 8. Bd2 c5 9. Bd3 cxd4 10. Qe2 Be7 11. O-O-O O-O 12. Rhg1 Bd7 13. g4 Bc6 14. g5 hxg5 15.
Nxg5 Rc8 16. Nh7 Nxh7 17. Bxh7+ Kxh7 18. Qh5+ Kg8 19. Rxg7+ Kxg7 20. Rg1+ Bg5 21. Bxg5 Qd5 22. Qh6+ Kg8 23. Bf6+ Qg2 24. Qh8# 1-0

[Event "*** Titled Tuesday Blitz"]
[Site "Chess.com"]
[Date "2019.06.04"]
[Round "7"]
[White "Naruto-K"]
[Black "GelmanAlexander"]
[Result "0-1"]
[WhiteElo "2409"]
[BlackElo "2604"]
[TimeControl "180+2"]
[EndTime "14:33:25 PDT"]
[Termination "GelmanAlexander won by resignation"]

1. Nf3 f5 2. d4 Nf6 3. Bf4 g6 4. e3 d6 5. h3 Bg7 6. Bd3 O-O 7. c4 Nc6 8. Nc3 Qe8 9. Bh2 e5 10. Be2 Ne4 11. Nd5 Qf7 12. Rc1 h6 13. b4 f4 14.
b5 Nxf2 15. Kxf2 fxe3+ 16. Ke1 Nxd4 17. Nxe3 e4 18. Nxd4 Qf2+ 19. Kd2 Bxd4 20. Ng4 Bxg4 21. hxg4 Qe3+ 22. Ke1 Rf2 23. Rc2 Raf8 24. Qd2 Rf1+ 0-1

[Event "*** Titled Tuesday Blitz"]
[Site "Chess.com"]
[Date "2019.06.04"]
[Round "7"]
[White "chorejason"]
[Black "quesfr"]
[Result "1-0"]
[WhiteElo "2246"]
[BlackElo "2161"]
[TimeControl "180+2"]
[EndTime "14:33:27 PDT"]
[Termination "chorejason won on time"]

1. e4 e5 2. d4 exd4 3. c3 d5 4.
exd5 Qxd5 5. cxd4 Nc6 6. Nf3 Bg4 7. Be2 O-O-O 8. O-O Bxf3 9. Bxf3 Qxd4 10. Qb3 Qf6 11. Nc3 Nh6 12. Be3 Nf5 13. Bxa7 b6 14. Bxb6 Ne5 15. Bxc7 Nxf3+ 16. gxf3 Kxc7 17. Nd5+ Rxd5 18. Qxd5 Nh4 19. Rfc1+ Kb8 20. Qb5+ 1-0

[Event "*** Titled Tuesday Blitz"]
[Site "Chess.com"]
[Date "2019.06.04"]
[Round "7"]
[White "H3nriqueTV"]
[Black "nitpicker"]
[Result "1-0"]
[WhiteElo "2184"]
[BlackElo "2204"]
[TimeControl "180+2"]
[EndTime "14:33:28 PDT"]
[Termination "H3nriqueTV won on time"]

1. e4 e5 2. Nf3 Nc6 3. Bc4 Bc5 4. O-O d6 5. d3 Nf6 6. c3 a6 7. h3 h6 8. Nbd2 Ba7 9. Re1 Be6 10. Bxe6 fxe6 11.
Qb3 Qc8 12. Nf1 O-O 13. Ng3 d5 14. Be3 d4 15. Bd2 b5 16. Rac1 Qd7 17. Qc2 dxc3 18. Qxc3 Nd4 19. Nxe5 Qe8 20. Qxc7 Bb8 21. Qc5 Ba7 22.
Qc3 Nd7 23. Be3 b4 24. Qc7 Nxe5 25. Qxe5 Rd8 26. Rc7 Rf7 27. Rec1 Bb8 28. Bxd4 Rxd4 29. Qxd4 Bxc7 30. e5 Kh7 31. Qxb4 Bxe5 32. Qe4+ 1-0

[Event "*** Titled Tuesday Blitz"]
[Site "Chess.com"]
[Date "2019.06.04"]
[Round "7"]
[White "Alexander_Donchenko"]
[Black "chessking2151"]
[Result "0-1"]
[WhiteElo "2743"]
[BlackElo "2606"]
[TimeControl "180+2"]
[EndTime "14:33:40 PDT"]
[Termination "chessking2151 won by resignation"]

1. e4 e5 2. Nf3 Nc6 3. Bb5 a6 4.
Ba4 Nf6 5. O-O Be7 6. Re1 b5 7. Bb3 O-O 8. h3 Bb7 9. c3 d5 10. exd5 Nxd5 11. Nxe5 Nxe5 12. Rxe5 Bf6 13. Bxd5 Bxd5 14. Re1 Qd6 15. d4 Qc6 16. Qg4 Rae8 17.
Rxe8 Rxe8 18. Be3 h5 19. Qg3 Re4 20. Nd2 Bh4 21. Qh2 Re6 22. Qf4 Be7 23. Nf3 Rg6 24. Kh2 Bd6 25. Ne5 Rxg2+ 26. Kh1 Bxe5 27. Qxe5 Rg5+ 28.
Kh2 Rxe5 29. dxe5 Qe6 30. f4 Qg6 31. Rg1 Qc2+ 32. Kg3 Qe2 33. Bd4 Qf3+ 34. Kh4 Qxf4+ 35. Kxh5 Bf3+ 0-1

[Event "*** Titled Tuesday Blitz"]
[Site "Chess.com"]
[Date "2019.06.04"]
[Round "7"]
[White "Mischuk_D"]
[Black "Sebastian"]
[Result "0-1"]
[WhiteElo "2715"]
[BlackElo "2877"]
[TimeControl "180+2"]
[EndTime "14:33:47 PDT"]
[Termination "Sebastian won by resignation"]

1. d4 Nf6 2. c4 e6 3. Nf3 d5 4. Nc3 c5 5. cxd5 Nxd5 6. e4 Nxc3 7. bxc3 cxd4 8. cxd4 Bb4+ 9. Bd2 Bxd2+ 10. Qxd2 O-O 11.
Bb5 b6 12. O-O Bb7 13. Rfe1 Nd7 14. Rad1 Nf6 15. Qf4 Rc8 16. h3 Qc7 17. Qh4 Rfd8 18. Bd3 h6 19. d5 exd5 20. e5 Ne4 21. Qf4 Qe7 22. Nd4 Qg5 23. Qxg5 hxg5 24. Nb5 Nc3 25. Nd6 Nxd1 26. Nxb7 Nc3 27. Nxd8 Rxd8 28. a3 Kf8 29. f3 Ke7 30. Kf2 d4 31. Kg3 Nd5 32. Rc1 Nf4 33. Bf5 Ne2+ 0-1

[Event "*** Titled Tuesday Blitz"]
[Site "Chess.com"]
[Date "2019.06.04"]
[Round "7"]
[White "orrbaverlekszarnyon"]
[Black "BlackBoarder"]
[Result "1-0"]
[WhiteElo "2254"]
[BlackElo "2512"]
[TimeControl "180+2"]
[EndTime "14:33:54 PDT"]
[Termination "orrbaverlekszarnyon won by resignation"]

1. e4 e6 2. Nf3 d5 3. e5 c5 4. b4 d4 5. Bb2 cxb4 6. Bxd4 Nc6 7. Bb5 Bd7 8. Bb2 Nge7 9. O-O a6 10.
Be2 h6 11. d4 g5 12. Nbd2 Bg7 13. Ne4 O-O 14. Qd3 Nd5 15. Bc1 Nce7 16. Nexg5 hxg5 17. Nxg5 Nf5 18. g4 Bb5 19. c4 bxc3 20. Qe4 Bxe2 21.
gxf5 Qxg5+ 22. Bxg5 Bxf1 23. Rxf1 Rac8 24. f6 Bh8 25. Bc1 Rfd8 26. Ba3 c2 27. Qg4+ Kh7 28. Qh5+ Kg8 29. Kh1 Bg7 1-0

[Event "*** Titled Tuesday Blitz"]
[Site "Chess.com"]
[Date "2019.06.04"]
[Round "7"]
[White "Siemba"]
[Black "m3alam"]
[Result "0-1"]
[WhiteElo "2092"]
[BlackElo "2358"]
[TimeControl "180+2"]
[EndTime "14:34:01 PDT"]
[Termination "m3alam won on time"]

1. e4 c6 2. d4 d5 3. Nd2 dxe4 4.
Nxe4 Bf5 5. Ng3 Bg6 6. h4 h6 7. Nf3 e6 8. Ne5 Bh7 9. Bd3 Bxd3 10. Qxd3 Nd7 11. f4 Ngf6 12. Bd2 Be7 13. O-O-O O-O 14. Qf3 Qc7 15. Rhe1 Rac8 16. f5 c5 17. Nxf7 cxd4 18.
Kb1 e5 19. Nxh6+ gxh6 20. Bxh6 Rf7 21. Rd2 Qc6 22. Ne4 Nxe4 23. Rxe4 Qxh6 24. Rde2 Bxh4 25. f6 Bxf6 26. Qg4+ Kf8 27. Qe6 Qh1+ 28. Re1 Qxg2 29. R4e2 Qg3 30. Qd6+ Re7 31. Rf1 Rc6 32. Qd5 Qg8 0-1

[Event "*** Titled Tuesday Blitz"]
[Site "Chess.com"]
[Date "2019.06.04"]
[Round "7"]
[White "Korchmar_Vasiliy"]
[Black "Obito24"]
[Result "1-0"]
[WhiteElo "2792"]
[BlackElo "2740"]
[TimeControl "180+2"]
[EndTime "14:34:02 PDT"]
[Termination "Korchmar_Vasiliy won by resignation"]

1. d4 Nf6 2. c4 e6 3. g3 d5 4. Bg2 Be7 5. Nf3 O-O 6. O-O c6 7. Nbd2 b6 8. Qc2 Na6 9. a3 Bb7 10. Rd1 c5 11. dxc5 bxc5 12. cxd5 exd5 13. Nc4 Rc8 14.
Bh3 Ra8 15. Bg5 Re8 16. Bg2 h6 17. Bf4 Rc8 18. Bh3 Ra8 19. Bg2 Rc8 20. Nfe5 Bf8 21. Ne3 g5 22. Bxg5 hxg5 23. Qf5 Bg7 24. Nxd5 Bxd5 25.
Bxd5 Rxe5 26. Qxe5 Nxd5 27. Qxd5 Qxd5 28. Rxd5 Bxb2 29.
Rxg5+ Kf8 30. Rb1 Bxa3 31. Ra1 c4 32. Rxa3 c3 33. Rxa6 c2 34. Ra1 Rd8 35. Rga5 Rd1+ 36. Kg2 1-0

[Event "*** Titled Tuesday Blitz"]
[Site "Chess.com"]
[Date "2019.06.04"]
[Round "7"]
[White "VladDobrov"]
[Black "TomsKantans"]
[Result "1-0"]
[WhiteElo "2823"]
[BlackElo "2552"]
[TimeControl "180+2"]
[EndTime "14:34:03 PDT"]
[Termination "VladDobrov won by resignation"]

1. d4 Nf6 2. c4 g6 3. g3 Bg7 4. Bg2 d5 5. cxd5 Nxd5 6. Nf3 O-O 7. O-O Nc6 8. e3 Nb6 9. Nc3 e5 10. d5 Ne7 11. e4 Bg4 12. Qb3 c6 13. Bg5 cxd5 14. Nxd5 Nbxd5 15. exd5 Qd6 16. Nd2 Rfe8 17. Nc4 Qd7 18. Bxe7 Rxe7 19. d6 Ree8 20. Qxb7 Rab8 21.
Qxd7 Bxd7 22. Rad1 e4 23. b3 f5 24. Rfe1 Kf7 25.
f3 exf3 26. Bxf3 Rxe1+ 27. Rxe1 Bf6 28. Bd5+ Kf8 29. Kg2 Rd8 30. a4 Bc8 31. b4 Bc3 32. Re7 Bxb4 33. Rf7+ Ke8 34. Rxh7 Bxd6 35. Bc6+ Kf8 36.
Rh8+ Ke7 37. Rxd8 1-0

[Event "*** Titled Tuesday Blitz"]
[Site "Chess.com"]
[Date "2019.06.04"]
[Round "7"]
[White "axvesik"]
[Black "PawnEatingZombie"]
[Result "1-0"]
[WhiteElo "2366"]
[BlackElo "2141"]
[TimeControl "180+2"]
[EndTime "14:34:03 PDT"]
[Termination "axvesik won by checkmate"]

1. e4 e6 2. d4 d5 3. Nc3 Nf6 4. Bg5 Bb4 5. exd5 Qxd5 6. Nf3 Ne4 7. Bd2 Bxc3 8. bxc3 c5 9. c4 Qd8 10. Be3 Qa5+ 11.
Nd2 Nc6 12. d5 Ne5 13. Bd3 Nf6 14. O-O O-O 15. Nb3 Qc7 16. Bxc5 Rd8 17. d6 Qc6 18. Qe2 Ned7 19. Ba3 b6 20. Nd4 Qa4 21. Bb2 Nc5 22. Nb5 Bb7 23. Bxf6 gxf6 24. Qg4+ Kf8 25. Bxh7 Ke8 26.
Qg8+ Kd7 27. Qxf7+ Kc6 28. Qc7# 1-0

[Event "*** Titled Tuesday Blitz"]
[Site "Chess.com"]
[Date "2019.06.04"]
[Round "7"]
[White "spicycaterpillar"]
[Black "wonderfultime"]
[Result "1-0"]
[WhiteElo "2858"]
[BlackElo "3010"]
[TimeControl "180+2"]
[EndTime "14:34:08 PDT"]
[Termination "spicycaterpillar won by resignation"]

1. c4 c6 2. d4 d5 3. Nf3 Nf6 4. cxd5 cxd5 5. Nc3 Nc6 6. Bf4 Bf5 7. Qb3 Na5 8. Qa4+ Bd7 9. Qc2 e6 10. e3 Nc6 11. h3 Rc8 12. a3 Ne4 13. Bd3 f5 14. O-O Be7 15. Qe2 O-O 16. Rac1 Be8 17. Ne5 Nxe5 18.
Bxe5 Nxc3 19. Rxc3 Rxc3 20. bxc3 Qa5 21. c4 Bc6 22.
Rb1 Rc8 23. cxd5 Qxd5 24. e4 Qd7 25. exf5 exf5 26. Bc4+ Bd5 27. Bxd5+ Qxd5 28. Bxg7 Bxa3 29. Be5 Bf8 30. Qd3 Qe4 31. Qg3+ Kf7 32. Rxb7+ Ke8 33. Qb3 Be7 1-0

[Event "*** Titled Tuesday Blitz"]
[Site "Chess.com"]
[Date "2019.06.04"]
[Round "7"]
[White "Thjop"]
[Black "bugsbunny444"]
[Result "1-0"]
[WhiteElo "2587"]
[BlackElo "2483"]
[TimeControl "180+2"]
[EndTime "14:34:10 PDT"]
[Termination "Thjop won by resignation"]

1. e4 e6 2. d4 d5 3. Nd2 Nf6 4. e5 Nfd7 5. c3 c5 6. f4 Nc6 7.
Ndf3 cxd4 8. cxd4 a5 9. Bd3 a4 10. a3 Nb6 11. Ne2 Be7 12. h4 Bd7 13. h5 Na5 14. Bd2 Nbc4 15. Bc3 Nb3 16. Rb1 Ne3 17. Qxb3 axb3 18. Kf2 Ng4+ 19. Kg3 f5 20. Nc1 Qb6 21.
Ne2 Bb5 22. Bxb5+ Qxb5 23. Rhe1 Kd7 24. Rbd1 Rag8 25. Nc1 g5 26. fxg5 Bxg5 27. Nd3 Be3 28. Nc5+ Ke7 29. Bb4 Kf7 30. Rc1 Bxc1 31. Rxc1 Rc8 32.
Ng5+ Ke8 33. Ngxe6 b6 34. Ng7+ Kd8 35. Nb7+ 1-0

[Event "*** Titled Tuesday Blitz"]
[Site "Chess.com"]
[Date "2019.06.04"]
[Round "7"]
[White "awesomevishesh"]
[Black "europa2012"]
[Result "0-1"]
[WhiteElo "2443"]
[BlackElo "2163"]
[TimeControl "180+2"]
[EndTime "14:34:13 PDT"]
[Termination "europa2012 won by checkmate"]

1. e4 e6 2. d4 d5 3. Nd2 Nf6 4. e5 Nfd7 5. Bd3 c5 6. c3 Nc6 7. Ne2 Qb6 8. Nf3 cxd4 9. cxd4 f6 10. exf6 Nxf6 11. O-O Bd6 12. a3 O-O 13. Re1 e5 14.
dxe5 Nxe5 15. Nxe5 Bxe5 16. Be3 Qc7 17. g3 Ng4 18.
Qd2 Qf7 19. Bf4 Qh5 20. h4 Bf6 21. f3 Ne5 22. Nd4 Nxf3+ 23. Nxf3 Qxf3 24. Be2 Qe4 25. Rad1 Bh3 26. Qxd5+ Qxd5 27. Rxd5 Bxb2 28. Bc4 Kh8 29. a4 Rac8 30. Bf1 Bg4 31. Rd7 Bxd7 32. Bg2 Bd4+ 33. Kh2 Bc6 34. Bxc6 Rxc6 35. Re7 Rc2+ 36. Kh3 h6 37.
Rxb7 Ra2 38. Bd6 Rff2 39. Rb8+ Kh7 40. Rb7 h5 41. g4 Rf3+ 42. Bg3 Be5 43. gxh5 Rxg3# 0-1

[Event "*** Titled Tuesday Blitz"]
[Site "Chess.com"]
[Date "2019.06.04"]
[Round "7"]
[White "Borsuk_Konstantin"]
[Black "NateSolon"]
[Result "1-0"]
[WhiteElo "2602"]
[BlackElo "2488"]
[TimeControl "180+2"]
[EndTime "14:34:13 PDT"]
[Termination "Borsuk_Konstantin won by resignation"]

1. d4 d5 2. c4 dxc4 3. Nf3 a6 4. e3 Bg4 5. Bxc4 e6 6. h3 Bh5 7. Nc3 Nc6 8. a3 Nf6 9. Be2 Bd6 10. O-O O-O 11.
b4 Qe8 12. Bb2 e5 13. d5 Nb8 14. e4 Nbd7 15. Nh4 Bxe2 16. Qxe2 g6 17. Nf3 Nh5 18. g3 f5 19. Ng5 f4 20. g4 Ng7 21.
Nf3 h5 22. gxh5 Nxh5 23. Kh2 Rf7 24. Rg1 Nf8 25. Rg4 Nf6 26. Rh4 a5 27. Nb5 axb4 28. axb4 Rxa1 29. Bxa1 Rh7 30. Rxh7 N8xh7 31. Qc4 g5 32.
Nxc7 Qc8 33. Bxe5 Bxe5 34. Nxe5 1-0

[Event "*** Titled Tuesday Blitz"]
[Site "Chess.com"]
[Date "2019.06.04"]
[Round "7"]
[White "enriquetejedor"]
[Black "Keithonsky"]
[Result "1-0"]
[WhiteElo "2553"]
[BlackElo "2503"]
[TimeControl "180+2"]
[EndTime "14:34:15 PDT"]
[Termination "enriquetejedor won by checkmate"]

1. e4 e6 2. d4 d5 3. Nc3 dxe4 4.
Nxe4 Nd7 5. Nf3 Ngf6 6. Nxf6+ Nxf6 7. Bd3 c5 8. dxc5 Bxc5 9. O-O O-O 10. Qe2 b6 11. Rd1 Qe7 12. Ba6 Rd8 13. Rxd8+ Qxd8 14. Bxc8 Rxc8 15. Bg5 h6 16. Rd1 Qe7 17. Bh4 Rd8 18.
Rxd8+ Qxd8 19. c3 g5 20. Bg3 Qd5 21. a3 Ne4 22. Kf1 f5 23. Bb8 g4 24. Nd4 Bxd4 25.
cxd4 Qxd4 26. Bxa7 h5 27. f3 gxf3 28. gxf3 Ng5 29.
h4 Qxh4 30. Bxb6 Qh1+ 31. Bg1 Qh4 32. Be3 f4 33. Bg1 Kf7 34. a4 Qh3+ 35. Qg2 Qf5 36. Qe2 Qb1+ 37. Kg2 h4 38. a5 h3+ 39. Kh2 Qa2 40.
a6 e5 41. a7 e4 42. fxe4 f3 43. Qc2 Qa5 44. Qc4+ Kg6 45. Qc6+ Kh5 46. a8=Q Qe5+ 47. Kh1 Qxb2 48. Qae8+ Kh4 49. Qh6+ Kg4 50. Qeh5+ Kg3 51. Q6xg5# 1-0

[Event "*** Titled Tuesday Blitz"]
[Site "Chess.com"]
[Date "2019.06.04"]
[Round "7"]
[White "jamengrand"]
[Black "Satscho"]
[Result "0-1"]
[WhiteElo "2123"]
[BlackElo "2274"]
[TimeControl "180+2"]
[EndTime "14:34:16 PDT"]
[Termination "Satscho won by resignation"]

1. e4 c6 2. d3 e5 3. Nf3 Qc7 4. c4 Nf6 5. Nc3 Bc5 6. Be3 Bxe3 7. fxe3 O-O 8. Qd2 a5 9. Be2 Na6 10. O-O Nc5 11. Kh1 Ne6 12. Nh4 Kh8 13. Nf5 Ng8 14.
d4 g6 15. Nh4 exd4 16. exd4 Qd8 17. g3 Qg5 18. Qd3 c5 19. Nf3 Qe7 20. Nd5 Qd8 21. Ne5 f6 22. Ng4 Nxd4 23. e5 f5 24.
Ngf6 Nxf6 25. exf6 b6 26. Bf3 Bb7 27. Bg2 Rb8 28. Rae1 Bxd5 29. cxd5 Qxf6 30. g4 f4 31. Bf3 d6 32. Qa6 Qf7 33. g5 Nxf3 34. Rxf3 Qxd5 35.
Rf1 Rbe8 36. h4 Re3 37. Kg2 Qd2+ 38. R1f2 Qd5 39. Kg1 Rxf3 0-1

[Event "*** Titled Tuesday Blitz"]
[Site "Chess.com"]
[Date "2019.06.04"]
[Round "7"]
[White "GMHess"]
[Black "Farrukh_Amonatov"]
[Result "1-0"]
[WhiteElo "2679"]
[BlackElo "2806"]
[TimeControl "180+2"]
[EndTime "14:34:25 PDT"]
[Termination "GMHess won by resignation"]

1. b3 Nf6 2. Bb2 g6 3. e3 Bg7 4. d4 O-O 5. Nf3 b6 6. Nbd2 Bb7 7. Be2 d5 8. O-O Nbd7 9. c4 c5 10. cxd5 Nxd5 11. Nc4 Rc8 12. Rc1 Rc7 13. Qd2 Qa8 14.
e4 N5f6 15. e5 Ne4 16. Qf4 e6 17. Nd6 Nxd6 18. exd6 Rcc8 19. Rfd1 cxd4 20. Bxd4 Rxc1 21. Rxc1 Bxd4 22. Qxd4 Rc8 23. Rc7 Rd8 24. Ng5 h6 25. Nxf7 Kxf7 26. Bb5 Bxg2 27. Bxd7 Qe4 1-0

[Event "*** Titled Tuesday Blitz"]
[Site "Chess.com"]
[Date "2019.06.04"]
[Round "7"]
[White "Valuebet2000"]
[Black "VerdeNotte"]
[Result "0-1"]
[WhiteElo "2549"]
[BlackElo "2770"]
[TimeControl "180+2"]
[EndTime "14:34:29 PDT"]
[Termination "VerdeNotte won by resignation"]

1. e4 d6 2. d4 Nf6 3. Nc3 g6 4. Be3 a6 5. f3 Bg7 6. Qd2 b5 7. h4 Nbd7 8. Nh3 c5 9. O-O-O b4 10. Ne2 Qa5 11. Kb1 Nb6 12. Nc1 c4 13. Qe1 Bxh3 14.
Rxh3 Rc8 15. g4 Na4 16. g5 Nh5 17. f4 O-O 18. Be2 Nc3+ 19. bxc3 bxc3 20. Nb3 cxb3 21.
axb3 Rb8 22. Bc1 Rfc8 23. Bxh5 Rxb3+ 24. cxb3 c2+ 25. Kb2 gxh5 26. Qxa5 cxd1=Q 27. Be3 Rc2+ 28. Ka3 Qa1+ 29. Kb4 Qe1+ 0-1

[Event "*** Titled Tuesday Blitz"]
[Site "Chess.com"]
[Date "2019.06.04"]
[Round "7"]
[White "Zarikovs1999"]
[Black "Drags95"]
[Result "1-0"]
[WhiteElo "2660"]
[BlackElo "2776"]
[TimeControl "180+2"]
[EndTime "14:34:31 PDT"]
[Termination "Zarikovs1999 won by resignation"]

1. Nf3 Nf6 2. c4 c5 3. Nc3 Nc6 4. g3 g6 5. Bg2 Bg7 6. O-O O-O 7. d3 b6 8. Bd2 Bb7 9. Qc1 d5 10. cxd5 Nxd5 11. Bh6 Rc8 12. Bxg7 Kxg7 13. Rd1 Nd4 14. Qd2 Nxc3 15. bxc3 Nxf3+ 16. Bxf3 Bxf3 17. exf3 Qd5 18. Qe3 e6 19. c4 Qd4 20. Qxd4+ cxd4 21. a4 Rc5 22. f4 Rfc8 23. Rdb1 Ra5 24. Rb5 Rc5 25. Rxc5 Rxc5 26. Kg2 Ra5 27. Kf3 f5 28. Ke2 a6 29.
Kd2 b5 30. Kc2 bxa4 31. Kb2 e5 32. Ka3 Rc5 33. Kb4 Rc7 34. fxe5 Rb7+ 35. Kc5 Rb3 36. Kxd4 a3 37. c5 Kf7 38. Kc4 Rb2 39. Rxa3 1-0

[Event "*** Titled Tuesday Blitz"]
[Site "Chess.com"]
[Date "2019.06.04"]
[Round "7"]
[White "Rakesh"]
[Black "DenishevM"]
[Result "0-1"]
[WhiteElo "2232"]
[BlackElo "2462"]
[TimeControl "180+2"]
[EndTime "14:34:40 PDT"]
[Termination "DenishevM won by resignation"]

1. e4 c5 2. c3 d5 3. exd5 Qxd5 4. d4 Nf6 5. Nf3 e6 6. Be3 cxd4 7. cxd4 Nc6 8. a3 Be7 9. Nc3 Qd6 10. Bd3 O-O 11.
O-O b6 12. Qe2 Bb7 13. Rad1 Rfd8 14. Rfe1 Rac8 15. Bb1 a6 16. Ba2 Bf8 17. Bg5 Ne7 18.
Bxf6 gxf6 19. Ne4 Bxe4 20. Qxe4 Nd5 21. Bb1 f5 22. Qh4 Bg7 23. Ng5 h6 24. Nf3 Qf4 25. Qxf4 Nxf4 26. g3 Nd5 27. Ne5 Rc7 28. Kg2 Rdc8 29.
h3 b5 30. Bd3 Bf6 31. Kf3 Ne7 32. g4 fxg4+ 33. hxg4 Rd8 34. Bb1 Nc6 35. Nxc6 Rxc6 36. Rd3 Rxd4 37. Rxd4 Bxd4 38. Re2 Kg7 39. Ke4 Bf6 40. f4 Rc4+ 41. Kf3 a5 42. Bd3 Rc5 43. b4 axb4 44. axb4 Rc3 45. Re3 Bd4 46. Re4 Rxd3+ 47. Ke2 Re3+ 48. Rxe3 Bxe3 49. Kxe3 Kg6 50. Kd4 f5 51.
gxf5+ Kxf5 52. Kc5 h5 53. Kxb5 h4 54. Kc5 h3 55. b5 h2 56. b6 h1=Q 57. Kd6 Qb7 0-1